SL
KINGSTON TOWNSHIP KNIGHTS @ FT. WORTH CATTLEMEN
09/14/2042
 
TOP OF THE 1ST
Kingston Township Knights batting - Pitching for Ft. Worth Cattlemen : LHP Nick Dalton
Pitching: LHP Nick Dalton
Batting: RHB Glenn Curtis 0-0: Ball
1-0: Called Strike
1-1: Called Strike
1-2: Foul Ball, location: 2F
1-2: Foul Ball, location: 2F
1-2: SINGLE (Line Drive, 8LS, EV 91.2 MPH)
Batting: RHB Tom Rowland 0-0: Ball
1-0: Ball
2-0: Called Strike
2-1: Ball
3-1: 2-RUN HOME RUN (Flyball, 89XD, EV 93.1 MPH), Distance : 404 ft
Batting: SHB Eustacio Tafalla 0-0: DOUBLE (Line Drive, 9LD, EV 101.2 MPH)
Batting: RHB Amor Campos 0-0: Ball
1-0: Ball
2-0: Fly out, F7 (Flyball, 78M, EV 98.1 MPH)
Batting: RHB Takenao Wakabayashi 0-0: Called Strike
0-1: Ball
1-1: Foul Ball, location: 2F
1-2: Ball
2-2: Foul Ball, location: 2F
2-2: Ball
3-2: SINGLE (Groundball, 4MD, EV 95.6 MPH)
Eustacio Tafalla to third
Runner from 3rd tries for Home, SAFE, throw by CF to home
Batting: RHB Seong-ho Chong 0-0: Called Strike
0-1: Ball
1-1: Swinging Strike
1-2: Strikes out swinging
Batting: LHB Ánibal Lima 0-0: Ball
1-0: Foul Ball, location: 2F
1-1: Foul Ball, location: 2F
1-2: Ball
2-2: Strikes out swinging
Top of the 1st over - 3 runs, 4 hits, 0 errors, 1 left on base; Kingston Township 3 - Ft. Worth 0
BOTTOM OF THE 1ST
Ft. Worth Cattlemen batting - Pitching for Kingston Township Knights : RHP Francisco Díaz
Pitching: RHP Francisco Díaz
Batting: LHB Shawn Kyllo 0-0: Ball
1-0: Ball
2-0: Foul Ball, location: 2F
2-1: Fly out, F9 (Flyball, 9S, EV 96.2 MPH)
Batting: LHB Blake Browning 0-0: Ball
1-0: Called Strike
1-1: SINGLE (Groundball, 4MD, EV 102.5 MPH)
Batting: LHB Semo Hoaloha 0-0: Ball
1-0: Fly out, F7 (Flyball, 7LM, EV 85.6 MPH)
Batting: SHB Kolby Hay 0-0: Ball
1-0: Called Strike
1-1: Ball
2-1: Called Strike
2-2: SINGLE (Groundball, 3L, EV 85.0 MPH) (infield hit)
Blake Browning to second
Batting: RHB Tae-cho Han 0-0: Ball
1-0: Swinging Strike
1-1: Foul Ball, location: 2F
1-2: Foul Ball, location: 2F
1-2: Foul Ball, location: 2F
1-2: Ball
2-2: Ball
3-2: Foul Ball, location: 2F
3-2: Foul Ball, location: 2F
3-2: Foul Ball, location: 2F
3-2: Foul Ball, location: 2F
3-2: SINGLE (Line Drive, 5D, EV 108.8 MPH)
Blake Browning to third
Kolby Hay to second
Blake Browning scores
Kolby Hay to third
Batting: SHB Bren Spillane 0-0: Ball
1-0: Ball
2-0: Ground out 4-3 (Groundball, 4, EV 85.0 MPH)
Bottom of the 1st over - 1 run, 3 hits, 0 errors, 2 left on base; Kingston Township 3 - Ft. Worth 1
TOP OF THE 2ND
Kingston Township Knights batting - Pitching for Ft. Worth Cattlemen : LHP Nick Dalton
Batting: RHB Imbart Baars 0-0: Called Strike
0-1: Ball
1-1: Swinging Strike
1-2: Fly out, F8 (Flyball, 78M, EV 88.1 MPH)
Batting: RHB Dylan Oram 0-0: Ball
1-0: Ball
2-0: Ball
3-0: Called Strike
3-1: Swinging Strike
3-2: Strikes out swinging
Batting: RHB Glenn Curtis 0-0: Ball
1-0: Ball
2-0: Swinging Strike
2-1: Ground out 1-3 (Groundball, 13, EV 85.0 MPH)
Top of the 2nd over - 0 runs, 0 hits, 0 errors, 0 left on base; Kingston Township 3 - Ft. Worth 1
BOTTOM OF THE 2ND
Ft. Worth Cattlemen batting - Pitching for Kingston Township Knights : RHP Francisco Díaz
Batting: RHB Peter Holland 0-0: Ground out 6-3 (Groundball, 6, EV 83.1 MPH)
Batting: RHB Min-gook Ch'oe 0-0: Called Strike
0-1: Ball
1-1: Foul Ball, location: 2F
1-2: Foul Ball, location: 2F
1-2: Strikes out swinging
Batting: RHB Lonnie Doble 0-0: Called Strike
0-1: Fly out, F8 (Flyball, 78D, EV 111.2 MPH)
Bottom of the 2nd over - 0 runs, 0 hits, 0 errors, 0 left on base; Kingston Township 3 - Ft. Worth 1
TOP OF THE 3RD
Kingston Township Knights batting - Pitching for Ft. Worth Cattlemen : LHP Nick Dalton
Batting: RHB Tom Rowland 0-0: Called Strike
0-1: DOUBLE (Line Drive, 9LD, EV 107.5 MPH)
Batting: SHB Eustacio Tafalla 0-0: Called Strike
0-1: Ball
1-1: Fly out, F8 (Line Drive, 8RD, EV 89.4 MPH)
Batting: RHB Amor Campos 0-0: Ball
1-0: Called Strike
1-1: Called Strike
1-2: Ball
2-2: Foul Ball, location: 2F
2-2: Ball
3-2: Foul Ball, location: 2F
3-2: Base on Balls
Batting: RHB Takenao Wakabayashi 0-0: Swinging Strike
0-1: Ball
1-1: Swinging Strike
1-2: Ball
2-2: Foul Ball, location: 2F
2-2: Strikes out swinging
Batting: RHB Seong-ho Chong 0-0: Ball
1-0: Ball
2-0: Called Strike
2-1: Called Strike
2-2: Foul Ball, location: 2F
2-2: Ball
3-2: Base on Balls
Tom Rowland to third
Amor Campos to second
Batting: LHB Ánibal Lima 0-0: Called Strike
0-1: Ball
1-1: Ball
2-1: Ground out U3 (Groundball, 3, EV 92.5 MPH)
Top of the 3rd over - 0 runs, 1 hit, 0 errors, 3 left on base; Kingston Township 3 - Ft. Worth 1
BOTTOM OF THE 3RD
Ft. Worth Cattlemen batting - Pitching for Kingston Township Knights : RHP Francisco Díaz
Batting: LHB Shawn Kyllo 0-0: Called Strike
0-1: Ball
1-1: Swinging Strike
1-2: Strikes out swinging
Batting: LHB Blake Browning 0-0: Ball
1-0: Ball
2-0: Called Strike
2-1: Ball
3-1: Ground out 6-3 (Groundball, 6M, EV 79.4 MPH)
Batting: LHB Semo Hoaloha 0-0: Swinging Strike
0-1: Foul Ball, location: 2F
0-2: Foul Ball, location: 2F
0-2: Foul Ball, location: 2F
0-2: Ball
1-2: Foul Ball, location: 2F
1-2: DOUBLE (Line Drive, 7LD, EV 113.1 MPH)
Batting: SHB Kolby Hay 0-0: Ball
1-0: Ball
2-0: DOUBLE (Line Drive, 89M, EV 101.9 MPH)
Semo Hoaloha scores
Batting: RHB Tae-cho Han 0-0: Ball
1-0: Ball
2-0: Called Strike
2-1: Ground out 6-3 (Groundball, 6, EV 96.9 MPH)
Bottom of the 3rd over - 1 run, 2 hits, 0 errors, 1 left on base; Kingston Township 3 - Ft. Worth 2
TOP OF THE 4TH
Kingston Township Knights batting - Pitching for Ft. Worth Cattlemen : LHP Nick Dalton
Batting: RHB Imbart Baars 0-0: Ball
1-0: Ball
2-0: Fly out, F2 (Popup, 2LF, EV 90.0 MPH)
Pitching: RHP Tom Scots
Batting: RHB Dylan Oram 0-0: Ball
1-0: Foul Ball, location: 2F
1-1: Ball
2-1: Foul Ball, location: 2F
2-2: Foul Ball, location: 2F
2-2: Strikes out looking
Batting: RHB Glenn Curtis 0-0: Called Strike
0-1: Ball
1-1: Ground out 6-3 (Groundball, 6M, EV 99.4 MPH)
Top of the 4th over - 0 runs, 0 hits, 0 errors, 0 left on base; Kingston Township 3 - Ft. Worth 2
BOTTOM OF THE 4TH
Ft. Worth Cattlemen batting - Pitching for Kingston Township Knights : RHP Francisco Díaz
Batting: SHB Bren Spillane 0-0: Swinging Strike
0-1: Called Strike
0-2: Ball
1-2: Ground out U3 (Groundball, 34, EV 93.1 MPH)
Batting: RHB Peter Holland 0-0: Ball
1-0: Foul Ball, location: 2F
1-1: Called Strike
1-2: Ground out 5-3 (Groundball, 5, EV 90.6 MPH)
Batting: RHB Min-gook Ch'oe 0-0: Ball
1-0: Called Strike
1-1: Swinging Strike
1-2: Ball
2-2: Ball
3-2: Foul Ball, location: 2F
3-2: SINGLE (Groundball, 56S, EV 64.4 MPH) (infield hit)
Batting: RHB Lonnie Doble 0-0: Called Strike
0-1: Swinging Strike
0-2: Fly out, F7 (Flyball, 7LMF, EV 76.9 MPH)
Bottom of the 4th over - 0 runs, 1 hit, 0 errors, 1 left on base; Kingston Township 3 - Ft. Worth 2
TOP OF THE 5TH
Kingston Township Knights batting - Pitching for Ft. Worth Cattlemen : RHP Tom Scots
Batting: RHB Tom Rowland 0-0: Swinging Strike
0-1: Ball
1-1: Ball
2-1: Foul Ball, location: 2F
2-2: Ball
3-2: Strikes out swinging
Batting: SHB Eustacio Tafalla 0-0: Fly out, F8 (Flyball, 8LXD, EV 96.9 MPH)
Batting: RHB Amor Campos 0-0: Ball
1-0: Ball
2-0: Ground out 4-3 (Groundball, 4, EV 103.1 MPH)
Top of the 5th over - 0 runs, 0 hits, 0 errors, 0 left on base; Kingston Township 3 - Ft. Worth 2
BOTTOM OF THE 5TH
Ft. Worth Cattlemen batting - Pitching for Kingston Township Knights : RHP Francisco Díaz
Batting: LHB Shawn Kyllo 0-0: Swinging Strike
0-1: DOUBLE (Flyball, 89D, EV 107.5 MPH)
Batting: LHB Blake Browning 0-0: Ball
1-0: Ground out 6-3 (Groundball, 6, EV 81.2 MPH)
Shawn Kyllo to third
Batting: LHB Semo Hoaloha 0-0: Swinging Strike
0-1: Ball
1-1: Ground out 6-3 (Groundball, 6M, EV 88.1 MPH)
Batting: SHB Kolby Hay 0-0: Ball
1-0: Ball
2-0: Called Strike
2-1: Ball
3-1: SINGLE (Flyball, 9S, EV 88.8 MPH) - OUT at second base trying to stretch hit.
Shawn Kyllo scores
Bottom of the 5th over - 1 run, 2 hits, 0 errors, 0 left on base; Kingston Township 3 - Ft. Worth 3
TOP OF THE 6TH
Kingston Township Knights batting - Pitching for Ft. Worth Cattlemen : RHP Tom Scots
Batting: RHB Takenao Wakabayashi 0-0: Swinging Strike
0-1: Ball
1-1: Foul Ball, location: 2F
1-2: Strikes out swinging
Batting: RHB Seong-ho Chong 0-0: Swinging Strike
0-1: Ball
1-1: Foul Ball, location: 2F
1-2: Ball
2-2: Strikes out swinging
Batting: LHB Ánibal Lima 0-0: Called Strike
0-1: Ball
1-1: Ball
2-1: Bunt for hit to 15 - play at first, batter OUT! 1-3
Top of the 6th over - 0 runs, 0 hits, 0 errors, 0 left on base; Kingston Township 3 - Ft. Worth 3
BOTTOM OF THE 6TH
Ft. Worth Cattlemen batting - Pitching for Kingston Township Knights : RHP Francisco Díaz
Batting: RHB Tae-cho Han 0-0: Ball
1-0: Foul Ball, location: 2F
1-1: Foul Ball, location: 2F
1-2: Fly out, F3 (Popup, 3F, EV 75.0 MPH)
Batting: SHB Bren Spillane 0-0: SINGLE (Line Drive, 56D, EV 96.9 MPH)
Batting: RHB Peter Holland 0-0: Ball
1-0: Called Strike
1-1: Foul Ball, location: 2F
1-2: Ball
2-2: Fly out, F3 (Popup, 3SF, EV 68.8 MPH)
Batting: RHB Min-gook Ch'oe 0-0: Foul Ball, location: 2F
0-1: Fly out, F8 (Line Drive, 8RM, EV 98.1 MPH)
Bottom of the 6th over - 0 runs, 1 hit, 0 errors, 1 left on base; Kingston Township 3 - Ft. Worth 3
TOP OF THE 7TH
Kingston Township Knights batting - Pitching for Ft. Worth Cattlemen : RHP Tom Scots
Batting: RHB Imbart Baars 0-0: Ball
1-0: Ball
2-0: Called Strike
2-1: Ball
3-1: Reached on error, E3 (Groundball, 3L, EV 101.9 MPH)
Batting: RHB Dylan Oram 0-0: Ball
1-0: Sac Bunt to 15 - play at second, runner safe!
Batting: RHB Glenn Curtis 0-0: Sac Bunt to 15 - play at first, batter OUT! 1-4
Imbart Baars to third
Dylan Oram to second
Batting: RHB Tom Rowland 0-0: Swinging Strike
0-1: Foul Ball, location: 2F
0-2: Foul Ball, location: 2F
0-2: Foul Ball, location: 2F
0-2: Ball
1-2: Strikes out looking
Batting: SHB Eustacio Tafalla 0-0: Foul Ball, location: 2F
0-1: Ball
1-1: DOUBLE (Line Drive, 8LXD, EV 105.0 MPH)
Imbart Baars scores
Dylan Oram scores
Batting: RHB Amor Campos 0-0: Foul Ball, location: 2F
0-1: Foul Ball, location: 2F
0-2: Ball
1-2: Ball
2-2: Strikes out swinging
Top of the 7th over - 2 runs, 1 hit, 1 error, 1 left on base; Kingston Township 5 - Ft. Worth 3
BOTTOM OF THE 7TH
Ft. Worth Cattlemen batting - Pitching for Kingston Township Knights : RHP Francisco Díaz
Batting: RHB Lonnie Doble 0-0: Ball
1-0: Ball
2-0: Called Strike
2-1: Ball
3-1: Ground out 5-3 (Groundball, 56, EV 105.0 MPH)
Batting: LHB Shawn Kyllo 0-0: Foul Ball, location: 2F
0-1: Ball
1-1: Foul Ball, location: 2F
1-2: Foul Ball, location: 2F
1-2: Ball
2-2: Foul Ball, location: 2F
2-2: Ground out 4-3 (Groundball, 34, EV 80.6 MPH)
Batting: LHB Blake Browning 0-0: Ball
1-0: Called Strike
1-1: Ball
2-1: Foul Ball, location: 2F
2-2: Ball
3-2: Ground out 5-3 (Groundball, 56, EV 80.0 MPH)
Bottom of the 7th over - 0 runs, 0 hits, 0 errors, 0 left on base; Kingston Township 5 - Ft. Worth 3
TOP OF THE 8TH
Kingston Township Knights batting - Pitching for Ft. Worth Cattlemen : RHP Tom Scots
Batting: RHB Takenao Wakabayashi 0-0: Fly out, F8 (Flyball, 8RM, EV 93.1 MPH)
Batting: RHB Seong-ho Chong 0-0: Called Strike
0-1: Ball
1-1: Ball
2-1: Called Strike
2-2: Strikes out swinging
Batting: LHB Ánibal Lima 0-0: Ball
1-0: Ball
2-0: Swinging Strike
2-1: Called Strike
2-2: Foul Ball, location: 2F
2-2: Strikes out looking
Top of the 8th over - 0 runs, 0 hits, 0 errors, 0 left on base; Kingston Township 5 - Ft. Worth 3
BOTTOM OF THE 8TH
Ft. Worth Cattlemen batting - Pitching for Kingston Township Knights : RHP Francisco Díaz
Pitching: LHP Dale Snider
Now at 3B: Kazunari Mizuno
Batting: LHB Semo Hoaloha 0-0: SINGLE (Groundball, 3D, EV 96.9 MPH)
Batting: SHB Kolby Hay 0-0: Swinging Strike
0-1: Ball
Wild Pitch!
Semo Hoaloha to second
1-1: Swinging Strike
1-2: Foul Ball, location: 2F
1-2: Foul Ball, location: 2F
1-2: Foul Ball, location: 2F
1-2: Strikes out swinging
Batting: RHB Tae-cho Han 0-0: Called Strike
0-1: Ball
Wild Pitch!
Semo Hoaloha to third
1-1: Ball
2-1: Swinging Strike
2-2: Ball
3-2: Fly out, F9 (Flyball, 9LSF, EV 83.8 MPH)
Batting: SHB Bren Spillane 0-0: Called Strike
0-1: Foul Ball, location: 2F
0-2: Ball
1-2: Ball
2-2: SINGLE (Line Drive, 8LS, EV 91.9 MPH)
Semo Hoaloha scores
Batting: RHB Peter Holland 0-0: Ball
1-0: Fielders Choice at 2nd, 6-4 (Groundball, 6, EV 86.2 MPH)
Bottom of the 8th over - 1 run, 2 hits, 0 errors, 1 left on base; Kingston Township 5 - Ft. Worth 4
TOP OF THE 9TH
Kingston Township Knights batting - Pitching for Ft. Worth Cattlemen : RHP Tom Scots
Pitching: RHP Dragutin Petrovic
Batting: RHB Imbart Baars 0-0: Foul Ball, location: 2F
0-1: Called Strike
0-2: Fly out, F9 (Flyball, 9LM, EV 93.8 MPH)
Batting: RHB Dylan Oram 0-0: Ball
1-0: Fly out, F8 (Flyball, 78S, EV 83.1 MPH)
Batting: RHB Glenn Curtis 0-0: Ball
1-0: Foul Ball, location: 2F
1-1: Ball
2-1: Foul Ball, location: 2F
2-2: Strikes out swinging
Top of the 9th over - 0 runs, 0 hits, 0 errors, 0 left on base; Kingston Township 5 - Ft. Worth 4
BOTTOM OF THE 9TH
Ft. Worth Cattlemen batting - Pitching for Kingston Township Knights : LHP Dale Snider
Pitching: LHP David Blake
Now at 1B: Jorge Ozezera
Batting: RHB Min-gook Ch'oe 0-0: Foul Ball, location: 2F
0-1: Foul Ball, location: 2F
0-2: Foul Ball, location: 2F
0-2: Ball
1-2: Ball
2-2: Strikes out looking
Batting: RHB Lonnie Doble 0-0: Ball
1-0: Ground out 6-3 (Groundball, 56, EV 83.1 MPH)
Pinch Hitting: RHB Jurgen Flurgenburgen 0-0: Foul Ball, location: 2F
0-1: Ground out 6-3 (Groundball, 6, EV 78.1 MPH)
Bottom of the 9th over - 0 runs, 0 hits, 0 errors, 0 left on base; Kingston Township 5 - Ft. Worth 4
Friday, March 26th, 2021 - OOTP Baseball 20.8 Build 74